 Dungeon Crawl Stone Soup version 0.18-a0-94-ga8e041d (webtiles) character file.

57 Proton the Shield-Bearer (level 3, -9/33 HPs)
             Began as a Deep Dwarf Fighter on Nov 14, 2015.
             Mangled by an orc
             ... wielding a +0 whip of electrocution
              (17 damage)
             ... on level 3 of the Dungeon.
             The game lasted 00:03:51 (1513 turns).

Proton the Shield-Bearer (Deep Dwarf Fighter)       Turns: 1513, Time: 00:03:51

Health: -9/33      AC:  8    Str: 20    XL:     3   Next: 73%
Magic:  3/3        EV:  7    Int:  5    God:
Gold:   191        SH:  9    Dex: 12    Spells: 0 memorised, 2 levels left

rFire  x . .     SeeInvis .     a - +0 war axe
rCold  + . .     Clarity  .     b - +0 scale mail
rNeg   . . .     SustAt   .     c - +0 shield
rPois  .         Gourm    .     (no helmet)
rElec  .         Spirit   .     (no cloak)
rCorr  .         Warding  .     h - +0 pair of gloves
rMut   .         Stasis   .     (no boots)
MR     .....                    (no amulet)
Stlth  ..........               p - ring of ice
                                o - -3 ring of intelligence (curse)

@: non-regenerating, not resistant to hostile enchantments, extremely unstealthy
A: damage resistance, recharge devices, sense surroundings 1, slow regeneration
3
a: Device Recharging


You were on level 3 of the Dungeon.
You were not hungry.

You visited 1 branch of the dungeon, and saw 3 of its levels.

You collected 191 gold pieces.

Inventory:

Hand Weapons
 a - a +0 war axe (weapon)
Armour
 b - a +0 scale mail (worn)
 c - a +0 shield (worn)
 h - a +0 pair of gloves (worn)
Jewellery
 o - a cursed -3 ring of intelligence (left hand)
 p - a ring of ice (right hand)
Wands
 e - a wand of heal wounds (5)
Scrolls
 i - 4 scrolls of identify {unknown}
 j - 3 scrolls of teleportation {unknown}
 n - a scroll of blinking {unknown}
Potions
 d - 3 potions of might
 k - a potion of cure mutation {unknown}
 l - a potion of heal wounds {unknown}
 m - a potion of lignification {unknown}
Comestibles
 f - a bread ration
 g - 5 fruits


   Skills:
 - Level 2.6 Fighting
 * Level 3.3 Axes
 + Level 3.7 Armour
 + Level 1.0 Dodging
 + Level 3.8 Shields


You had 2 spell levels left.
You didn't know any spells.

Dungeon Overview and Level Annotations

Branches:
Dungeon (3/15)

Altars:
Ashenzari
Fedhas
Xom


Innate Abilities, Weirdness & Mutations

You are resistant to damage.
You can recharge devices by infusing magical energy.
You passively map a small area around you.
You do not regenerate naturally.


Message History

You hit the orc.
The orc is heavily wounded.
The orc hits you but does no damage.
You are electrocuted!
* * * LOW HITPOINT WARNING * * *
You are too injured to fight recklessly!
You are too injured to fight recklessly!
You are too injured to fight recklessly!
You are too injured to fight recklessly!
You are too injured to fight recklessly!
Your shield and scale mail prevent you from hitting the orc.
The orc is heavily wounded.
The orc wizard mumbles some strange words.
The orc wizard flickers and vanishes!
Deactivating autopickup; reactivate with Ctrl-A.
The orc hits you but does no damage.
You hit the orc.
The orc is severely wounded.
The orc hits you but does no damage.
You are electrocuted!
Ouch! That really hurt!
You die...

.##.....))......# #....
.........##.....# #....
, ................#
#..<. ,
..........#...### #....
** .#######..#..###
###.. .
#.##....#####.... #.. *
#.##.##.......#.# *
#...###.##.#....#####.#
*,
#....@.##.#.##..####.#
#...o.).....###...#..#
* #o.....##.###
###...## o{......###.#
##.(### * .######.# .
###.....# ** * ....#
.....###.# * , ##.
*##.#### #.# **.,, .#.#
#.. * * ,,...# ##.


You could see 3 orcs.

Vanquished Creatures
  An adder (D:3)
  2 worms
  2 giant geckos (D:2)
  2 ball pythons
  4 goblins
  5 hobgoblins
  2 jackals (D:2)
  3 quokkas (D:2)
  6 bats
  A giant cockroach (D:1)
  A giant newt (D:1)
  4 kobolds
  3 rats
36 creatures vanquished.

Notes
Turn   | Place    | Note
--------------------------------------------------------------
     0 | D:1      | Proton the Deep Dwarf Fighter began the quest for the Orb.
     0 | D:1      | Reached XP level 1. HP: 20/20 MP: 1/1
   192 | D:1      | Reached XP level 2. HP: 27/27 MP: 2/2
   807 | D:2      | Reached XP level 3. HP: 30/33 MP: 3/3
   872 | D:2      | Found a shattered altar of Ashenzari.
   873 | D:2      | Found a blossoming altar of Fedhas.
  1014 | D:2      | Found a shimmering altar of Xom.
  1478 | D:3      | Reached skill level 1 in Dodging
  1513 | D:3      | Mangled by an orc

Vault maps used:
D:1:      dpeg_arrival_sounds_slurp, serial_forest,
          infiniplex_forest_clump_medium, infiniplex_forest_diagonal,
          infiniplex_forest_zigzag_1, infiniplex_forest_clump_curved,
          infiniplex_forest_clump_small, infiniplex_forest_straight_5
D:2:      marbit_many_paths, gammafunk_temple_overflow_pools, first_bread
D:3:      grunt_temple_overflow_lords_of_destruction

Action                   || total
-------------------------++-------
Melee: War axe           ||   121
  Eat: Bread ration      ||     1
